 Dungeon Sprint DCSS version 0.23.2-1-ga50397a (webtiles) character file.

Game seed: 4441046487401027759

1079 wilfster70 the Fighter (level 8, -1/82 HPs)
             Began as a Minotaur Monk on May 30, 2019.
             Was the Champion of Jiyva.
             Slain by a draconian
             ... wielding a +0 falchion
              (5 damage)
             ... in the Dungeon (Sprint V: "Ziggurat Sprint").
             The game lasted 00:04:26 (251 turns).

wilfster70 the Fighter (Minotaur Monk)               Turns: 251, Time: 00:04:26

Health: -1/82      AC: 17    Str: 17    XL:     8   Next: 8%
Magic:  7/7        EV:  4    Int:  8    God:    Jiyva [******]
Gold:   0          SH:  0    Dex: 13    Spells: 7/7 levels left

rFire    + . .     SeeInvis +   a - +9 heavy crossbow "Sniper" {velocity, Acc+∞ SInv}
rCold    + . .     Gourm    .   (shield currently unavailable)
rNeg     . . .     Faith    .   l - +5 gold dragon scales
rPois    +         Spirit   .   (helmet restricted)
rElec    .         Reflect  .   (no cloak)
rCorr    +         Harm     .   (no gloves)
MR       +....     NoTele   +   G - +1 pair of boots {Fly}
Stlth    ..........             (no amulet)
HPRegen  0.23/turn              (no ring)
MPRegen  0.10/turn              (no ring)

@: flying
A: retaliatory headbutt, claws 1, horns 2, icy blue scales 1, rugged brown
scales 1, magic resistance 1, mutation resistance 1, wild magic 1, acidic bite,
eyeballs 2, pseudopods 3, translucent skin 1, MP-powered wands
a: Request Jelly, Slimify, Cure Bad Mutation, Renounce Religion, Stop Flying


You were in the Dungeon.
You worshipped Jiyva.
Jiyva was exalted by your worship.
You were completely stuffed.

You visited 1 branch

Inventory:

Hand Weapons
 a - the +9 heavy crossbow "Sniper" (weapon) {velocity, Acc+∞ SInv}
   (You found it in the Dungeon)

   Any bolt fired from it inflicts extra damage.
   It lets you see invisible.
Missiles
 E - 994 bolts (quivered)
Armour
 l - +5 gold dragon scales (worn)
 G - a +1 pair of boots of flying (worn)
Jewellery
 y - a +6 ring of dexterity
 z - a +6 ring of dexterity
 A - a +6 ring of intelligence
 B - a +6 ring of intelligence
 C - a +6 ring of strength
 D - a +6 ring of strength
 H - an uncursed ring of stealth
Wands
 v - a wand of disintegration (7)
 w - a wand of iceblast (7)
 x - a wand of acid (7)
Scrolls
 h - 4 scrolls of blinking
 o - 4 scrolls of amnesia
 p - 7 scrolls of fog
 q - 2 scrolls of holy word
 r - 5 scrolls of identify
 s - 5 scrolls of remove curse
 t - 2 scrolls of fear
Potions
 c - 10 potions of curing
 d - 10 potions of heal wounds
 e - 6 potions of haste
 f - 7 potions of magic
 g - 3 potions of berserk rage
 i - 2 potions of brilliance
 j - 2 potions of invisibility
 k - 4 potions of resistance
 m - 5 potions of agility
 n - 5 potions of might
Comestibles
 b - 7 rations
 F - 2 chunks of flesh


   Skills:
 + Level 10.4 Fighting
 + Level 8.5 Crossbows
 + Level 2.5 Armour
 + Level 9.6 Dodging
 - Level 7.3 Stealth
 - Level 9.2 Unarmed Combat


You had 7 spell levels left.
You didn't know any spells.
Your spell library was empty.

Dungeon Overview and Level Annotations

Branches:
Dungeon (1/1)

Altars:
Ashenzari
Cheibriados
Dithmenos
Elyvilon
Fedhas
Gozag
Hepliaklqana
Kikubaaqudgha
Makhleb
Nemelex Xobeh
Okawaru
Qazlal
Ru
Sif Muna
Trog
Uskayaw
Vehumet
Wu Jian
Xom
Yredelemnul
Zin
The Shining One
Beogh
Jiyva
Lugonu

Annotations:
D 1 transporter


Innate Abilities, Weirdness & Mutations

You reflexively headbutt those who attack you in melee.
You have a pair of horns on your head.
You have sharp fingernails.
You are partially covered in icy blue scales. (AC +2)
You are partially covered in rugged brown scales. (AC +1, +3% HP)
You are resistant to hostile enchantments. (MR+)
You are somewhat resistant to further mutation.
Your spells are a little harder to cast, but a little more powerful.
You have acidic saliva.
Your body has grown many golden eyes which may confuse attackers. (Acc +5)
Armour fits poorly on your massive pseudopods.
Your translucent skin slightly reduces your foes' accuracy. (Stealth)
You expend magic power (3 MP) to strengthen your wands.


Message History

You hear a distant slurping noise.
You feel a little less hungry.
You feel better.
The draconian hits you but does no damage.
You are too injured to fight recklessly!
You are too injured to fight recklessly!
Firing (i - inventory)
E - 995 bolts (quivered)
Press: ? - help, Shift-Dir - straight line, f/p - draconian
Aim: a draconian, wielding a +0 falchion (heavily wounded)
You shoot a bolt. The bolt hits the draconian!
The draconian is severely wounded.
The draconian seems less confused.
The draconian hits you from afar with the +8 glaive of the Guard {elec, +Rage AC+5 SInv}!
* * * LOW HITPOINT WARNING * * *
You are electrocuted!!
* * * LOW HITPOINT WARNING * * *
You shudder from the blow and a jelly pops out!
You hear a distant slurping noise.
You feel a little less hungry.
You feel better.
The draconian hits you with a +0 falchion.
You die...

▓..©..▓..©..▓▓▓▓▓▓▓
▓▓▓▓▓▓▓▓▓▓▓▓▓▓*
▓..8©8...▓ 8©8
▓..}})...▓ ∆∆∆,
▓...|....▓ ,∆ ∆ ,
▓...(....▓, , *
▓J..d....▓ ,
▓..d(....▓
,▓..@dd...▓
▓▓▓▓▓▓▓▓▓▓ *


You could see 4 draconians and a friendly acid blob.

Vanquished Creatures
  A draconian (D)
  A tarantella (D)
  2 ice beasts (D)
  2 scorpions (D)
  A white imp (D)
  A bat simulacrum (D)
8 creatures vanquished.

Vanquished Creatures (collateral kills)
  A draconian (D)
1 creature vanquished.

Vanquished Creatures (others)
  A glowing orange brain (shapeshifter) (D)
  An ugly thing (D)
  A wolf spider (shapeshifter) (D)
  An eye of devastation (shapeshifter) (D)
  A yaktaur (shapeshifter) (D)
  A wind drake (shapeshifter) (D)
  2 meliai (shapeshifter) (D)
  2 hippogriffs (shapeshifter) (D)
  A neqoxec (D)
  An eye of draining (shapeshifter) (D)
12 creatures vanquished.

Grand Total: 21 creatures vanquished

Notes
Turn   | Place    | Note
-------+----------+-------------------------------------------
     0 | D        | Found the +6 Majin-Bo {vamp, Archmagi MP+6 Int+6}
     0 | D        | Found the +7 great mace "Firestarter" {inner flame, rF++}
     0 | D        | wilfster70 the Minotaur Monk began the quest for the Orb.
     0 | D        | Reached XP level 1. HP: 19/19 MP: 0/0
     0 | D        | Found a deep blue altar of Sif Muna.
     0 | D        | Found a sacrificial altar of Ru.
     0 | D        | Found a bloodstained altar of Trog.
     0 | D        | Found a stormy altar of Qazlal.
     0 | D        | Found an iron altar of Okawaru.
     0 | D        | Found a sparkling altar of Nemelex Xobeh.
     0 | D        | Found a blossoming altar of Fedhas.
     2 | D        | Found a transporter.
     2 | D        | Found an ancient bone altar of Kikubaaqudgha.
     2 | D        | Found a viscous altar of Jiyva.
     2 | D        | Found a corrupted altar of Lugonu.
     2 | D        | Found a hazy altar of Hepliaklqana.
     2 | D        | Found a burning altar of Makhleb.
     2 | D        | Found an opulent altar of Gozag.
    14 | D        | Found the +9 heavy crossbow "Sniper" {velocity, Acc+∞ SInv}
    14 | D        | Found the +10 dark maul {crush}
    14 | D        | Found the +15 Maxwell's patent armour {-Cast -Tele rElec
                  | MR+ rCorr}
    14 | D        | Found the +18 shield of the Gong {rElec rN+ MR+ EV-5}
    14 | D        | Found the cursed +14 obsidian axe {chop, +Fly SInv *Curse}
    24 | D        | Reached XP level 2. HP: 26/26 MP: 1/1
    99 | D        | Became a worshipper of Jiyva Jamar the Shapeless
    99 | D        | Reached * piety under Jiyva
    99 | D        | Reached ** piety under Jiyva
    99 | D        | Reached *** piety under Jiyva
    99 | D        | Reached **** piety under Jiyva
   103 | D        | Gained mutation: You are partially covered in rugged brown
                  | scales. (AC +1, +3% HP) [Jiyva's grace]
   105 | D        | Reached ***** piety under Jiyva
   105 | D        | Gained mutation: You are surrounded by a mild repulsion
                  | field. (EV +2) [Jiyva's grace]
   105 | D        | Killed a yaktaur
   106 | D        | Killed a glowing orange brain
   107 | D        | Lost mutation: You are partially covered in rugged brown
                  | scales. (AC +1, +3% HP) [Jiyva's grace]
   107 | D        | Gained mutation: Your translucent skin slightly reduces
                  | your foes' accuracy. (Stealth) [Jiyva's grace]
   107 | D        | Reached ****** piety under Jiyva
   107 | D        | Gained mutation: You are robust. (+10% HP) [Jiyva's grace]
   108 | D        | Killed an eye of draining
   108 | D        | Gained mutation: Armour fits poorly on your strangely
                  | shaped body. [Jiyva's grace]
   108 | D        | Gained mutation: Armour fits poorly on your pseudopods.
                  | [Jiyva's grace]
   113 | D        | Lost mutation: You are robust. (+10% HP) [Jiyva's grace]
   117 | D        | Gained mutation: You have a small jelly attached to you
                  | that may absorb incoming projectiles. [Jiyva's grace]
   117 | D        | Gained mutation: Your rubbery body absorbs attacks. (AC +1,
                  | EV +1) [Jiyva's grace]
   117 | D        | Lost mutation: Armour fits poorly on your strangely shaped
                  | body. [Jiyva's grace]
   120 | D        | Gained mutation: Your body has grown golden eyes which may
                  | confuse attackers. (Acc +3) [Jiyva's grace]
   120 | D        | Gained mutation: You have a pair of large horns on your
                  | head. [Jiyva's grace]
   120 | D        | Gained mutation: You are clumsy. (Dex -2) [Jiyva's grace]
   120 | D        | Lost mutation: You are clumsy. (Dex -2) [Jiyva's grace]
   121 | D        | Gained mutation: Your body sometimes deteriorates upon
                  | taking damage. [Jiyva's grace]
   121 | D        | Gained mutation: You have a small jelly attached to you
                  | that senses nearby items. [Jiyva's grace]
   121 | D        | Lost mutation: Your body sometimes deteriorates upon taking
                  | damage. [Jiyva's grace]
   121 | D        | Lost mutation: You have a pair of large horns on your head.
                  | [Jiyva's grace]
   123 | D        | Gained mutation: You have sharp fingernails. [Jiyva's
                  | grace]
   123 | D        | Lost mutation: You are surrounded by a mild repulsion
                  | field. (EV +2) [Jiyva's grace]
   123 | D        | Gained mutation: You are partially covered in molten
                  | scales. (AC +2) [Jiyva's grace]
   123 | D        | Lost mutation: You have sharp fingernails. [Jiyva's grace]
   125 | D        | Gained mutation: You are dopey. (Int -2) [Jiyva's grace]
   125 | D        | Gained mutation: You possess an exceptional clarity of
                  | mind. [Jiyva's grace]
   125 | D        | Gained mutation: Armour fits poorly on your large
                  | pseudopods. [Jiyva's grace]
   128 | D        | Lost mutation: You are dopey. (Int -2) [Jiyva's grace]
   130 | D        | Gained mutation: Your flesh is cold resistant. (rC+)
                  | [Jiyva's grace]
   137 | D        | Lost mutation: You have a small jelly attached to you that
                  | senses nearby items. [Jiyva's grace]
   143 | D        | Killed a hippogriff
   144 | D        | Lost mutation: You are partially covered in molten scales.
                  | (AC +2) [Jiyva's grace]
   147 | D        | Killed an eye of devastation
   148 | D        | Killed a green ugly thing
   148 | D        | Gained mutation: Your translucent skin reduces your foes'
                  | accuracy. (Stealth) [Jiyva's grace]
   148 | D        | Killed a wolf spider
   152 | D        | Gained mutation: Armour fits poorly on your massive
                  | pseudopods. [Jiyva's grace]
   152 | D        | Gained mutation: You have a pair of large horns on your
                  | head. [Jiyva's grace]
   152 | D        | Gained mutation: Your body has grown many golden eyes which
                  | may confuse attackers. (Acc +5) [Jiyva's grace]
   155 | D        | Lost mutation: Your translucent skin reduces your foes'
                  | accuracy. (Stealth) [Jiyva's grace]
   156 | D        | Gained mutation: You have a small jelly attached to you
                  | that senses nearby items. [Jiyva's grace]
   156 | D        | Lost mutation: You possess an exceptional clarity of mind.
                  | [Jiyva's grace]
   156 | D        | Gained mutation: You possess an exceptional clarity of
                  | mind. [Jiyva's grace]
   156 | D        | Lost mutation: You have a small jelly attached to you that
                  | may absorb incoming projectiles. [Jiyva's grace]
   156 | D        | Gained mutation: You have a small jelly attached to you
                  | that may absorb incoming projectiles. [Jiyva's grace]
   156 | D        | Lost mutation: Your flesh is cold resistant. (rC+) [Jiyva's
                  | grace]
   156 | D        | Gained mutation: Your muscles are strong. (Str +2) [Jiyva's
                  | grace]
   156 | D        | Lost mutation: Your rubbery body absorbs attacks. (AC +1,
                  | EV +1) [Jiyva's grace]
   156 | D        | Gained mutation: Your rubbery body absorbs attacks. (AC +1,
                  | EV +1) [Jiyva's grace]
   160 | D        | Gained mutation: You have large cloven feet. [Jiyva's
                  | grace]
   165 | D        | Lost mutation: You possess an exceptional clarity of mind.
                  | [Jiyva's grace]
   169 | D        | Lost mutation: You have a pair of large horns on your head.
                  | [Jiyva's grace]
   170 | D        | Killed a neqoxec
   172 | D        | Killed a hippogriff
   174 | D        | Gained mutation: You are covered in slimy tendrils that may
                  | disarm your opponents. [Jiyva's grace]
   177 | D        | Entered arena 2.
   177 | D        | Noticed a draconian
   177 | D        | Noticed a draconian
   177 | D        | Found a transporter.
   178 | D        | Lost mutation: Your muscles are strong. (Str +2) [Jiyva's
                  | grace]
   179 | D        | Lost mutation: You have a small jelly attached to you that
                  | senses nearby items. [Jiyva's grace]
   181 | D        | Lost mutation: Your rubbery body absorbs attacks. (AC +1,
                  | EV +1) [Jiyva's grace]
   182 | D        | Killed a draconian
   182 | D        | Reached skill level 8 in Fighting
   182 | D        | Reached skill level 5 in Stealth
   182 | D        | Reached XP level 3. HP: 35/41 MP: 2/2
   182 | D        | Reached XP level 4. HP: 42/49 MP: 3/3
   182 | D        | Reached XP level 5. HP: 48/56 MP: 4/4
   182 | D        | Reached XP level 6. HP: 54/62 MP: 5/5
   183 | D        | Killed a draconian
   183 | D        | Reached skill level 9 in Fighting
   183 | D        | Reached XP level 7. HP: 64/70 MP: 6/6
   185 | D        | Lost mutation: You have large cloven feet. [Jiyva's grace]
   189 | D        | Lost mutation: You have a small jelly attached to you that
                  | may absorb incoming projectiles. [Jiyva's grace]
   189 | D        | Killed a meliai
   191 | D        | Killed a meliai
   196 | D        | Killed a wind drake
   197 | D        | Lost mutation: Your body has grown many golden eyes which
                  | may confuse attackers. (Acc +5) [Jiyva's grace]
   202 | D        | Gained mutation: Your spells are a little harder to cast,
                  | but a little more powerful. [Jiyva's grace]
   204 | D        | Entered arena 3.
   204 | D        | Noticed a tarantella
   204 | D        | Found a transporter.
   205 | D        | Gained mutation: You are partially covered in rugged brown
                  | scales. (AC +1, +3% HP) [Jiyva's grace]
   206 | D        | Killed a tarantella
   208 | D        | Reached skill level 10 in Fighting
   208 | D        | Gained mutation: Your mind is acute. (Int +2) [Jiyva's
                  | grace]
   214 | D        | Gained mutation: You passively map a small area around you.
                  | [Jiyva's grace]
   218 | D        | Gained mutation: You have acidic saliva. [Jiyva's grace]
   223 | D        | Lost mutation: You passively map a small area around you.
                  | [Jiyva's grace]
   227 | D        | Gained mutation: You have sharp fingernails. [Jiyva's
                  | grace]
   228 | D        | Gained mutation: You are somewhat resistant to further
                  | mutation. [Jiyva's grace]
   229 | D        | Entered arena 4.
   229 | D        | Found a transporter.
   231 | D        | Reached skill level 1 in Armour
   231 | D        | Lost mutation: You are covered in slimy tendrils that may
                  | disarm your opponents. [Jiyva's grace]
   233 | D        | Reached XP level 8. HP: 78/82 MP: 7/7
   234 | D        | Lost mutation: Your mind is acute. (Int +2) [Jiyva's grace]
   236 | D        | Gained mutation: You expend magic power (3 MP) to
                  | strengthen your wands. [Jiyva's grace]
   241 | D        | Gained mutation: Your body has grown many golden eyes which
                  | may confuse attackers. (Acc +5) [Jiyva's grace]
   245 | D        | Gained mutation: You are partially covered in icy blue
                  | scales. (AC +2) [Jiyva's grace]
   246 | D        | Entered arena 5.
   246 | D        | Noticed a draconian
   246 | D        | Noticed a draconian
   246 | D        | Noticed a draconian
   246 | D        | Noticed a draconian
   246 | D        | Found a transporter.
   249 | D        | Gained mutation: You are resistant to hostile enchantments.
                  | (MR+) [Jiyva's grace]
   251 | D        | HP: 3/82 [draconian/the +8 glaive of the Guard {elec, +Rage
                  | AC+5 SInv} (20)]
   251 | D        | Slain by a draconian

Skill      XL: |  1  2  3  4  5  6  7 |
---------------+----------------------+-----
Crossbows      | 8 |  8.5
Fighting       | 8 9 10 | 10.4
Dodging        | 7 8 9 |  9.6
Stealth        | 5 6 7 |  7.3
Unarmed Combat | 7 8 9 |  9.2
Armour         | 2 |  2.5

Action                   |  1- 3 |  4- 6 |  7- 9 || total
-------------------------+-------+-------+-------++-------
 Fire: Heavy crossbow    |     5 |     1 |    13 ||    19
  Use: Potion            |     1 |       |       ||     1
Armor: Gold dragon scale |     8 |     1 |    12 ||    21
Dodge: Dodged            |     1 |       |     4 ||     5
